 Dungeon Crawl Stone Soup version 0.17-a0-1642-gd4b747b (webtiles) character file.

72 KINGKRU the Sneak (level 4, -2/19 HPs)
             Began as a Felid Enchanter on Aug 11, 2015.
             Slain by an orc wizard
             ... wielding a +0 dagger
              (4 damage)
             ... on level 4 of the Dungeon.
             The game lasted 00:13:33 (2627 turns).

KINGKRU the Sneak (Felid Enchanter)                 Turns: 2627, Time: 00:13:33

Health: -2/19      AC:  1    Str:  4    XL:     4   Next: 7%
Magic:  1/8        EV: 19    Int: 16    God:
Gold:   110        SH:  0    Dex: 17    Spells: 2 memorised, 4 levels left
                                        Lives:  0   Deaths: 1

rFire  . . .     SeeInvis +       - Unarmed
rCold  + . .     Clarity  .     (armour unavailable)
rNeg   . . .     SustAt   .     (shield unavailable)
rPois  .         Gourm    .     (helmet unavailable)
rElec  .         Spirit   .     (cloak unavailable)
rCorr  .         Warding  .     (gloves unavailable)
rMut   .         Stasis   .     (boots unavailable)
MR     .....                    (no amulet)
Stlth  ++++......               (no ring)
                                h - ring of protection from cold

@: quick, not resistant to hostile enchantments, stealthy
A: no armour, no weapons or thrown items, claws 1, fangs 3, see invisible,
carnivore 3, speed 1, shaggy fur 1, slow metabolism 1, sharp paws
a: no special abilities


You were on level 4 of the Dungeon.
You were not hungry.

You visited 1 branch of the dungeon, and saw 4 of its levels.

You collected 110 gold pieces.

Inventory:

Jewellery
 h - a ring of protection from cold (left paw)
Scrolls
 c - 4 scrolls of identify {unknown}
 d - a scroll of enchant weapon {unknown}
 g - a scroll of fog {unknown}
 i - a scroll of remove curse {unknown}
Potions
 e - 2 potions of heal wounds {unknown}
 j - a potion of curing {unknown}
 k - 2 potions of degeneration {unknown}
 l - a potion of cure mutation {unknown}
 m - a potion of might {unknown}
Books
 a - a book of Maledictions

   Spells                             Type                      Level
   a - Corona                         Hexes                        1
   b - Ensorcelled Hibernation        Hexes/Ice                    2
   c - Confuse                        Hexes                        3
   d - Tukima's Dance                 Hexes                        3
   e - Dazzling Spray                 Conjuration/Hexes            3
Comestibles
 b - 2 meat rations
 f - a beef jerky


   Skills:
 + Level 1.8 Fighting
 + Level 3.4 Dodging
 + Level 5.3 Stealth
 + Level 1.4 Unarmed Combat
 + Level 2.4 Spellcasting
 + Level 5.1 Hexes
 + Level 0.5 Ice Magic


You had 4 spell levels left.
You knew the following spells:

 Your Spells              Type           Power        Failure   Level  Hunger
a - Corona                Hex            ###....      2%          1    #......
b - Ensorcelled Hibernat  Hex/Ice        ##....       12%         2    ###....


Dungeon Overview and Level Annotations

Branches:
Dungeon (4/15)
 Temple: D:4-7

Altars:


Innate Abilities, Weirdness & Mutations

You cannot wear armour.
You are incapable of wielding weapons or throwing items.
You have sharp claws.
You have razor-sharp teeth.
You have supernaturally acute eyesight.
You are carnivorous and can eat meat at any time.
You cover ground quickly.
You are covered in fur (AC +1).
You have a slow metabolism.
Your sharp claws are effective at attacking unaware monsters.


Message History

Casting: Ensorcelled Hibernation
Confirm with . or Enter, or press ? or * to list all spells.
Aiming: Ensorcelled Hibernation
Press: ? - help, Shift-Dir - straight line, f - orc wizard
Aim: an orc wizard, wielding a dagger and wearing a robe (moderately wounded, fast, chance to defeat MR: 42%)
The orc wizard resists with some effort.
The orc wizard misses you.
The orc wizard hits you but does no damage.
Casting: Ensorcelled Hibernation
Confirm with . or Enter, or press ? or * to list all spells.
You don't have enough magic to cast that spell.
The orc wizard looks braver for a moment.
The orc wizard casts a spell at you. The puff of frost misses you.
The orc wizard looks braver for a moment.
The orc wizard looks braver for a moment.
The orc wizard completely misses you. The orc wizard completely misses you.
The orc wizard barely misses you. The orc wizard hits you with a dagger.
You die...

...........#
......#)...#
......#...$#
#######.....#
............#
######.....#
#.?...# ##########
##.#..##
#........###@.####
#........#.o.##
#..........###
#a.......###
#........#
##########


You could see an orc wizard.

Vanquished Creatures
  An orc wizard (D:4)
  Terence (D:2)
  2 adders (D:2)
  3 giant geckos
  An orc (D:4)
  A giant cockroach (D:1)
  5 goblins
  5 hobgoblins
  6 jackals
  A ball python (D:1)
  10 bats
  2 giant newts (D:1)
  3 kobolds
  10 rats (D:1)
51 creatures vanquished.

Notes
Turn   | Place    | Note
--------------------------------------------------------------
     0 | D:1      | KINGKRU the Felid Enchanter began the quest for the Orb.
     0 | D:1      | Reached XP level 1. HP: 7/7 MP: 4/4
   382 | D:1      | Reached XP level 2. HP: 6/11 MP: 6/6
   617 | D:1      | Learned a level 2 spell: Ensorcelled Hibernation
  1328 | D:2      | Reached XP level 3. HP: 15/15 MP: 4/7
  1453 | D:2      | Reached skill level 1 in Fighting
  1569 | D:2      | Noticed Terence
  1739 | D:2      | Killed Terence
  1739 | D:2      | Reached skill level 5 in Stealth
  1739 | D:2      | Reached XP level 4. HP: 6/19 MP: 1/8
  2344 | D:3      | Reached skill level 5 in Hexes
  2533 | D:3      | You fall through a shaft!
  2533 | D:4      | Noticed an ogre
  2543 | D:4      | Mangled by an ogre
  2544 | D:4      | Reached XP level 3. HP: -8/15 MP: 5/7
  2587 | D:4      | Reached XP level 4. HP: 16/19 MP: 3/8
  2627 | D:4      | Slain by an orc wizard

Vault maps used:
D:1:      dpeg_arrival_ratfight
D:2:      minmay_distorted, uniq_terence
D:3:      nicolae_gozag_cash_rules_everything_around_me,
          lemuel_zombie_altar_kikubaaqudgha
D:4:      nicolae_overflow_crystal_walls, lemuel_round_altar, temple_doors_e

Action                   |  1- 3 |  4- 6 || total
-------------------------+-------+-------++-------
Melee: Unarmed           |    97 |    34 ||   131
 Cast: Ensorcelled Hiber |    15 |    10 ||    25
 Stab: Sleeping          |    19 |     7 ||    26
  Eat: Meat ration       |     1 |       ||     1
